 Dungeon Crawl Stone Soup version 0.32-a0-913-g739538afd8 (webtiles) character file.

Game seed: 400471259371966465

44 BigDaddyOpFi the Ducker (level 3, -4/26 HPs)
             Began as an Octopode Fighter on Apr 1, 2024.
             Slain by a phantom (7 damage)
             ... on level 2 of the Dungeon on Apr 9, 2024.
             The game lasted 00:02:13 (630 turns).

BigDaddyOpFi the Ducker (Octopode Fighter)           Turns: 630, Time: 00:02:14

Health: -4/26      AC:  1    Str: 15    XL:     3   Next: 60%
Magic:  3/3        EV: 12    Int: 10    God:
Gold:   73         SH:  4    Dex: 13    Spells: 2/2 levels left

rFire   . .          .
                       - Unarmed
rCold   . . .        a - +0 buckler
rNeg    . . .        (helmet restricted)
rPois   .            (no amulet)
rElec   .            (no ring)
rCorr   .            (no ring)
SInv    .            (no ring)
Will    .....        (no ring)
Stlth   ++           (no ring)
HPRegen 0.24/turn    (no ring)
MPRegen 0.08/turn    (no ring)
                     (no ring)

%: no passive effects
@: mighty
A: almost no armour, amphibious, 8 rings, camouflage 1, gelatinous body 1,
(nimble swimmer 1), tentacles
a: no special abilities


You were on level 2 of the Dungeon.
You visited 1 branch of the dungeon, and saw 2 of its levels.

You collected 73 gold pieces.

Inventory:

Armour
 a - a +0 buckler (worn)
Scrolls
 e - a scroll of blinking {unknown}
Potions
 f - a potion of invisibility {unknown}


   Skills:
 + Level 3.4 Fighting
 + Level 3.4 Dodging
 + Level 3.3 Shields
 + Level 2.5 Unarmed Combat


You had 2 spell levels left.
You didn't know any spells.
Your spell library was empty.

Dungeon Overview and Level Annotations

Branches:
Dungeon (2/15)

Altars:

Shops:
D:1 :


Innate Abilities, Weirdness & Mutations

You cannot wear most types of armour.
You are amphibious.
You can wear up to eight rings at the same time.
Your skin changes colour to match your surroundings (Stealth+).
Your rubbery body absorbs attacks. (AC +1, EV +1)
((You are camouflaged when in or above water. (Stealth+)))
You have tentacles for arms and can constrict up to eight enemies at once.


Message History

You tentacle-slap the jackal. You grab the jackal.
The jackal is lightly wounded.
You constrict the jackal. The jackal closely misses you.
The jackal completely misses you.
You tentacle-slap the jackal but do no damage.
The jackal is severely wounded.
You constrict the jackal.
You kill the jackal!
There is a stone staircase leading down here.
You climb downwards.
The jackal bites you. x2; You block the jackal's attack. x2
The phantom hits you.
The phantom blinks!
You blink.
Warning You feel very mighty all of a sudden.
The phantom hits you but does no damage.
You closely miss the phantom. The phantom hits you.
You closely miss the jackal. Your grab misses the jackal.
You block the jackal's attack. The phantom misses you.
You tentacle-slap the jackal. You grab the jackal. You squeeze the jackal.
You kill the jackal!
The phantom hits you.
The phantom blinks!
You blink.
The gnoll barely misses you.
Unknown command.
A quokka comes into view.
The gnoll attacks as it pursues you! You block the gnoll's attack.
The quokka moves out of view.
You block the gnoll's attack.
There is a stone staircase leading down here.
The phantom hits you.
The phantom blinks!
You blink.
You stop descending the stairs.
The gnoll closely misses you. The goblin hits you but does no damage.
Unknown command.
As you read the scroll labelled LIER DINKO, it crumbles to dust.
It is a scroll of identify.
d - a scroll of fog You block the phantom's attack.
The goblin barely misses you.
As you read the scroll of fog, it dissolves into smoke.
The gnoll hits you with a +0 whip!
* * * LOW HITPOINT WARNING * * *
The phantom hits you!
You die...

###########
#.........#
#.........#
####.........#
.............#
..........)..####
...........hg§§.#
.......<...§g@§§#
####.......gggW.#
#.......§..§§#
#.......>....+
#............#
######....r..#
#.......#
######.... .....


You could see a phantom, 4 gnolls, a quokka, a jackal and a goblin.

Vanquished Creatures
  A dart slug (D:1)
  2 ball pythons (D:1)
  5 endoplasms (D:1)
  3 giant cockroaches (D:1)
  2 goblins (D:1)
  5 hobgoblins (D:1)
  5 jackals
  A quokka (D:1)
  6 bats (D:1)
  A frilled lizard (D:1)
  2 kobolds (D:1)
  A rat (D:1)
34 creatures vanquished.

Notes
Turn   | Place    | Note
-------+----------+-------------------------------------------
     0 | D:1      | BigDaddyOpFi the Octopode Fighter began the quest for the
                  | Orb.
     0 | D:1      | Reached XP level 1. HP: 16/16 MP: 1/1
     2 | D:1      | Noticed a dwarf
     4 | D:1      | Noticed a vine stalker
     6 | D:1      | Noticed a human
     8 | D:1      | Noticed a djinni
     8 | D:1      | Noticed a naga
    10 | D:1      | Noticed a demigod
    10 | D:1      | Noticed a demonspawn
    12 | D:1      | Noticed a vampire
    12 | D:1      | Noticed a felid
    14 | D:1      | Noticed a gargoyle
    14 | D:1      | Noticed a tengu
    17 | D:1      | Noticed an octopode
    19 | D:1      | Noticed a spriggan
    19 | D:1      | Noticed a ghoul
    21 | D:1      | Noticed a troll
    21 | D:1      | Noticed a minotaur
    23 | D:1      | Noticed a formicid
    23 | D:1      | Noticed a barachi
    25 | D:1      | Noticed an elf
    25 | D:1      | Noticed a merfolk
    27 | D:1      | Noticed an armataur
    27 | D:1      | Noticed an oni
    29 | D:1      | Noticed a draconian
    56 | D:1      | Reached XP level 2. HP: 8/21 MP: 2/2
   142 | D:1      | Found Lipaw's Book Boutique.
   144 | D:1      | Found a faded altar of an unknown god.
   310 | D:1      | Reached XP level 3. HP: 26/26 MP: 3/3
   494 | D:1      | Upgraded the game from 0.32-a0-876-gcfddb08e57 to
                  | 0.32-a0-913-g739538afd8
   612 | D:2      | Noticed a phantom
   630 | D:2      | Slain by a phantom

Illustrated notes

Levels and vault maps discovered:
D:1:      kb_arrival_jail, layout_rooms, serial_shops, nicolae_shop_tiny_glass,
          basic_ecumenical_altar, minmay_hexomino_r4
D:2:      layout_basic, serial_shops, shop, chequers_serial_rivers_micro_d,
          kennysheep_cross_bottleneck, minmay_fractal_squares_5

Action                     || total
---------------------------++-------
  Melee: Unarmed           ||    74
         Constrict         ||    19
         Tentacles         ||    15
    Use: Scroll            ||     2
         Potion            ||     1
   Stab: Sleeping          ||     3
 Armour: Skin              ||    43
  Dodge: Dodged            ||    45
  Block: Buckler           ||    19

Table legend: (Time is in decaauts)
 A = Elapsed time spent in this place.
 B = Non-inter-level travel time spent in this place.
 C = Inter-level travel time spent in this place.
 D = Time resting spent in this place.
 E = Time spent auto-exploring this place.
 F = Levels seen in this place.
 G = Mean time per level.
                   A        B        C        D        E       F      G
               +--------+--------+--------+--------+--------+-----+--------+
         Total |    630 |    603 |     27 |      0 |    389 |   2 |  315.0 |
       Dungeon |    630 |    603 |     27 |      0 |    389 |   2 |  315.0 |
               +--------+--------+--------+--------+--------+-----+--------+

Top non-repeatable levels by time:
     D:1: 617 daAuts
     D:2: 12 daAuts
